 Dungeon Crawl Stone Soup version 0.27.1-33-g824d729ab1 (webtiles) character file.

Game seed: 16070992609638647195

48118 sking99 the Brawler (level 14, -2/144 HPs)
             Began as a Troll Monk on Dec 9, 2021.
             Was a High Priest of Jiyva.
             Slain by a cane toad (15 damage)
             ... on level 6 of the Lair of Beasts.
             The game lasted 00:28:42 (12983 turns).

sking99 the Brawler (Troll Monk)                   Turns: 12983, Time: 00:28:42

Health: -2/144     AC: 10    Str: 17    XL:     14   Next: 11%
Magic:  13/13      EV: 13    Int: 13    God:    Jiyva [*****.]
Gold:   519        SH:  0    Dex: 20    Spells: 7/13 levels left

rFire    . . .     SeeInvis .     - Unarmed
rCold    . . .     Faith    .   (no shield)
rNeg     . . .     Spirit   .   p - +0 troll leather armour
rPois    +         Reflect  +   (helmet restricted)
rElec    .         Harm     .   y - +2 cloak {Will+}
rCorr    +         Rampage  .   (gloves unavailable)
Will     ++...                  (boots unavailable)
Stlth    ++........             h - amulet of reflection
HPRegen  2.34/turn              s - +6 ring of dexterity
MPRegen  0.13/turn              w - ring of poison resistance

@: lethally poisoned (-2 -> -2), about to teleport, sleeping
A: large, unfitting armour, claws 3, regeneration 1, shaggy fur 1, tough skin 1,
horns 1
a: Renounce Religion, Request Jelly, Slimify, Cure Bad Mutation


You were on level 6 of the Lair of Beasts.
You worshipped Jiyva.
Jiyva was extremely pleased with you.
You visited 3 branches of the dungeon, and saw 17 of its levels.
You also visited: Volcano.

You collected 699 gold pieces.
You spent 180 gold pieces at shops.

Inventory:

Missiles
 n - a throwing net (quivered)
Armour
 p - a +0 troll leather armour (worn)
 y - a +2 cloak of willpower (worn)
Jewellery
 h - an amulet of reflection (around neck)
 k - a +6 ring of intelligence
 m - a ring of ice
 o - a +6 ring of dexterity
 s - a +6 ring of dexterity (left claw)
 w - a ring of poison resistance (right claw)
Wands
 f - a wand of flame (33)
 x - a wand of paralysis (23)
 z - a wand of digging (4)
Scrolls
 b - 2 scrolls of teleportation
 i - 3 scrolls of enchant weapon
 l - a scroll of fog
 u - a scroll of magic mapping
Potions
 a - a potion of lignification
 c - a potion of attraction
 d - 2 potions of curing
 e - 2 potions of magic
 g - a potion of heal wounds
 j - 3 potions of resistance
 q - a potion of ambrosia
 r - a potion of berserk rage {unknown}
 t - 2 potions of haste
 v - a potion of cancellation


   Skills:
 + Level 10.6 Fighting
 + Level 5.3 Armour
 + Level 6.1 Dodging
 - Level 1.0 Stealth
 * Level 16.5 Unarmed Combat
 + Level 5.0 Transmutations
 + Level 6.0 Earth Magic


You had 7 spell levels left.
You knew the following spells:

 Your Spells              Type           Power      Damage    Failure   Level
a - Statue Form           Tmut/Erth      9%         N/A       99%         6

Your spell library contained the following spells:

 Spells                   Type           Power      Damage    Failure   Level
 Summon Small Mammal      Summ           0%         N/A       36%         1
 Petrify                  Tmut/Erth      14%        N/A       36%         4
 Static Discharge         Conj/Air       0%         N/A       50%         2
 Sublimation of Blood     Necr           0%         N/A       50%         2
 Animate Armour           Summ/Erth      14%        N/A       71%         4
 Ozocubu's Armour         Ice            0%         N/A       73%         3
 Ice Form                 Ice/Tmut       6%         N/A       78%         4
 Blade Hands              Tmut           6%         N/A       78%         5
 Borgnjor's Vile Clutch   Necr/Erth      3%         N/A       96%         5
 Animate Dead             Necr           0%         N/A       98%         4
 Hailstorm                Conj/Ice       0%         3d3       98%         4
 Irradiate                Conj/Tmut      3%         3d14      98%         5
 Lightning Bolt           Conj/Air       0%         1d11      100%        5
 Metabolic Englaciation   Hex/Ice        0%         N/A       100%        5
 Death Channel            Necr           0%         N/A       100%        6
 Iron Shot                Conj/Erth      3%         9d2       100%        6
 Simulacrum               Ice/Necr       0%         N/A       100%        6
 Haunt                    Necr/Summ      0%         N/A       100%        7
 Summon Hydra             Summ           0%         N/A       100%        7
 Infestation              Necr           0%         N/A       100%        8
 Maxwell's Capacitive Co  Air            0%         ∞         100%        8
 Polar Vortex             Ice            0%         N/A       100%        9


Dungeon Overview and Level Annotations

Branches:
Dungeon (10/15)            Temple (1/1) D:4            Lair (6/6) D:9
 Shoals (0/4) Lair:4        Snake (0/4) Lair:3        Slime (0/5) Lair:5
Volcano (visited)
    Orc: D:9-12

Altars:
Ashenzari
Cheibriados
Dithmenos
Elyvilon
Fedhas
Gozag
Hepliaklqana
Kikubaaqudgha
Makhleb
Nemelex Xobeh
Okawaru
Qazlal
Ru
Sif Muna
Trog
Uskayaw
Vehumet
Wu Jian
Xom
Yredelemnul
Zin
The Shining One
Jiyva

Shops:
D:7 [

Annotations:
D:4 1 runed translucent door, madmanarnold's ghost, amateur FoAK
D:8 1 runed translucent door, othur's ghost, novice DECj
D:10 4 runed translucent doors


Innate Abilities, Weirdness & Mutations

You are too large for most types of armour.
You have claws for hands.
Your natural rate of healing is unusually fast.
You are covered in fur. (AC +1)
You have tough skin. (AC +1)
You have a pair of small horns on your head.


Message History

The guardian serpent hits you.
You feel very sick.
The dream sheep shake their wool and sparkle.
You feel drowsy...
You fall asleep.
The cane toad stings the plant.
You hear a distant slurping noise.
You feel better. The wyvern bites you!!
You wake up.
* * * LOW HITPOINT WARNING * * *
You feel sick.
A nearby plant withers and dies.
The guardian serpent casts a spell at you.
You resist with almost no effort.
You hear a distant slurping noise.
You feel better.
You hear a squelching noise.
The wyvern bites you.
* * * LOW HITPOINT WARNING * * *
The guardian serpent casts a spell at you.
The bolt of poison hits you!
You are more poisoned.
You resist.
* * * LOW HITPOINT WARNING * * *
You feel very sick. The wyvern bites you.
* * * LOW HITPOINT WARNING * * *
The guardian serpent coils itself and waves its upper body at you.
The cane toad blinks!
The dream sheep blinks!
You block the dream sheep's attack. The cane toad closely misses you.
You hear a distant slurping noise.
Jiyva appreciates your sacrifice. You block the cane toad's attack.
The wyvern closely misses you.
As you read the scroll of teleportation, it crumbles to dust.
You feel strangely unstable.
You feel very sick. The cane toad stings you.
* * * LOW HITPOINT WARNING * * *
The dream sheep shake their wool and sparkle.
You feel drowsy...
You fall asleep.
The dream sheep closely misses you. The wyvern misses you.
The cane toad stings you!
You die...

##... #.###....P....... ....
#...###.......... #..
##.....###.J......
##†####..#.....###......
##Y.#..#..##..J.....<....
##.Y##..##..##.....P......
##..Y#....#...##...........
##...##...F##...##..........
##.........Y@#....###........
.##....##...FlF##....##........
.......#..†...YS#..............
......##....§.Y§##.............
.P.............................
...............................
...............................
.P.............................
..P......................P.....


You could see a guardian serpent, 3 cane toads, a wyvern and 3 dream sheep.

Vanquished Creatures
  A catoblepas (Lair:6)
  Erica (D:8)
  22 death yaks
  2 two-headed ogres
  2 skeletal warriors (Volcano)
  Pikel (D:6)
  An anaconda skeleton (Volcano)
  A necromancer (Lair:6)
  2 deep elf pyromancers (D:10)
  An elephant (Lair:4)
  10 black mambas
  11 cane toads
  3 gargoyles (Volcano)
  14 komodo dragons
  5 rime drakes
  A komodo dragon (shapeshifter) (D:10)
  A troll (D:10)
  3 polar bears
  4 hornets
  Grinder (D:5)
  5 dream sheep (Lair:6)
  A blink frog (Lair:2)
  A harpy skeleton (Volcano)
  2 meliai zombies (D:10)
  3 flying skulls (Volcano)
  An alligator skeleton (Volcano)
  10 wyverns
  A vampire (D:9)
  32 yaks
  2 basilisks
  A fire elemental (Lair:2)
  2 steam dragons
  Menkaure (D:7)
  Edmund (D:5)
  An acid dragon (D:9)
  18 water moccasins
  Duvessa (D:6)
  3 orc warriors
  2 black bears
  An ogre (D:5)
  3 wolves (Lair:5)
  2 necrophages
  A centaur (D:7)
  A phantom (D:5)
  2 kobold brigands
  9 bullfrogs
  A gnoll sergeant (D:9)
  Dowan (D:6)
  2 scorpions
  6 killer bees
  2 vampire bats (D:4)
  3 electric eels
  A spriggan skeleton (Volcano)
  2 howler monkeys
  2 centaur zombies
  A jelly (D:4)
  2 hounds
  4 orc priests
  An iguana (D:6)
  A scorpion zombie (D:5)
  7 orc wizards
  3 polar bear simulacra (Lair:6)
  A yak simulacrum (Lair:6)
  3 wolf simulacra (Lair:6)
  A naga skeleton (Volcano)
  2 howler monkey zombies
  6 gnolls
  An adder (D:3)
  A shadow imp (D:7)
  2 white imps (D:6)
  3 ufetubi
  2 worms (D:2)
  17 orcs
  6 ball pythons
  3 bat skeletons (D:4)
  2 bat zombies (D:4)
  8 endoplasms
  A giant cockroach (D:3)
  6 goblins
  6 hobgoblins
  6 jackals
  11 kobolds
  2 quokkas
  3 bats
  3 frilled lizards
  8 rats
  2 river rat simulacra (Lair:6)
339 creatures vanquished.

Vanquished Creatures (others)
  An acid blob (Lair:4)
  An azure jelly (Lair:2)
  A death yak (Lair:4)
  2 cane toads (Lair:4)
  A komodo dragon (D:9)
  A slime creature (Lair:6)
  A meliai zombie (D:10)
  A yak (Lair:4)
  A wyvern (D:7)
  An acid dragon (D:9)
  6 water moccasins
  An ogre (D:5)
  A centaur (D:8)
  A phantom (D:5)
  A bullfrog (D:8)
  A wight (D:10)
  55 jellies
  A bullfrog zombie (D:7)
  A gnoll shaman (D:8)
  A hound (D:6)
  3 iguanas
  An adder (D:6)
  6 gnolls
  An orc (D:6)
  3 jackals (D:5)
  2 river rat simulacra (Lair:6)
  A bush (Lair:5)
  91 fungi
  179 plants
  2 withered plants (D:4)
369 creatures vanquished.

Grand Total: 708 creatures vanquished

Notes
Turn   | Place    | Note
-------+----------+-------------------------------------------
     0 | D:1      | sking99 the Troll Monk began the quest for the Orb.
     0 | D:1      | Reached XP level 1. HP: 22/22 MP: 0/0
   205 | D:1      | Reached XP level 2. HP: 29/29 MP: 1/1
  1268 | D:2      | Reached XP level 3. HP: 36/36 MP: 2/2
  1348 | D:2      | Reached skill level 4 in Unarmed Combat
  2030 | D:3      | Reached XP level 4. HP: 43/45 MP: 3/3
  2236 | D:3      | Found a faded altar of an unknown god.
  2710 | D:3      | Found a shimmering blue altar of Sif Muna.
  2766 | D:4      | Found a hazy altar of Hepliaklqana.
  2787 | D:4      | Reached skill level 5 in Unarmed Combat
  2787 | D:4      | Reached XP level 5. HP: 53/53 MP: 4/4
  2881 | D:4      | Found a staircase to the Ecumenical Temple.
  2894 | Temple   | Entered the Ecumenical Temple
  2982 | Temple   | Became a worshipper of Jiyva Jusch the Shapeless
  2982 | Temple   | Reached * piety under Jiyva
  2982 | Temple   | Reached ** piety under Jiyva
  3046 | D:4      | Reached XP level 6. HP: 47/62 MP: 5/5
  3235 | D:4      | Found a runed translucent door.
  3235 | D:4      | Noticed madmanarnold's ghost (amateur FoAK)
  3266 | D:4      | Reached skill level 6 in Unarmed Combat
  3336 | D:4      | Found an ancient bone altar of Kikubaaqudgha.
  3598 | D:5      | Entered Level 5 of the Dungeon
  3598 | D:5      | Noticed Edmund
  3612 | D:5      | Killed Edmund
  3613 | D:5      | Reached XP level 7. HP: 37/71 MP: 6/6
  3657 | D:5      | Noticed Grinder
  3661 | D:5      | Paralysed by Grinder for 3 turns
  3676 | D:5      | Killed Grinder
  3677 | D:5      | Reached skill level 7 in Unarmed Combat
  3694 | D:5      | Found a basalt altar of Yredelemnul.
  3748 | D:5      | Reached skill level 5 in Fighting
  3748 | D:5      | Reached skill level 8 in Unarmed Combat
  3803 | D:5      | Reached XP level 8. HP: 80/80 MP: 7/7
  4125 | D:5      | Reached *** piety under Jiyva
  4253 | D:6      | Noticed Pikel
  4262 | D:6      | Killed Pikel
  4263 | D:6      | Reached skill level 9 in Unarmed Combat
  4291 | D:6      | Gained mutation: You have a pair of small horns on your
                  | head. [Jiyva's grace]
  4331 | D:6      | Reached skill level 10 in Unarmed Combat
  4470 | D:6      | Noticed Duvessa
  4477 | D:6      | Killed Duvessa
  4484 | D:6      | Noticed Dowan
  4489 | D:6      | Killed Dowan
  4490 | D:6      | Reached XP level 9. HP: 88/89 MP: 8/8
  4672 | D:6      | Got the Almanac of Frigorific Calling
  4681 | D:6      | Noticed a two-headed ogre
  4713 | D:6      | Killed a two-headed ogre
  4731 | D:6      | Gained mutation: You have a somewhat thin skeletal
                  | structure. (Dex +2, Stealth+) [Jiyva's grace]
  4895 | D:6      | Reached skill level 11 in Unarmed Combat
  4908 | D:6      | Found an ornate altar of the Wu Jian Council.
  4910 | D:6      | Found a glowing golden altar of the Shining One.
  4915 | D:6      | Found an opulent altar of Gozag.
  5083 | D:7      | Found Nusank's Antique Armour Boutique.
  5135 | D:7      | Reached **** piety under Jiyva
  5293 | D:7      | Bought an embroidered cloak for 180 gold pieces
  5368 | D:7      | Noticed Menkaure
  5372 | D:7      | Killed Menkaure
  5462 | D:7      | Found a sparkling altar of Nemelex Xobeh.
  5464 | D:7      | Found a radiant altar of Vehumet.
  5467 | D:7      | Found a shimmering altar of Xom.
  5633 | D:8      | Noticed Erica
  5640 | D:8      | Killed Erica
  5641 | D:8      | Reached skill level 12 in Unarmed Combat
  5641 | D:8      | Reached XP level 10. HP: 94/102 MP: 9/9
  5832 | D:8      | Lost mutation: You have a pair of small horns on your head.
                  | [Jiyva's grace]
  5854 | D:8      | Reached ***** piety under Jiyva
  5911 | D:8      | Found a runed translucent door.
  5911 | D:8      | Found a shimmering altar of Xom.
  5911 | D:8      | Noticed othur's ghost (novice DECj)
  5911 | D:8      | Noticed a +1 long sword of chaos
  6083 | D:8      | Found a burning altar of Makhleb.
  6086 | D:8      | Found a glowing silver altar of Zin.
  6087 | D:8      | Noticed an angel
  6291 | D:8      | Noticed a blizzard demon
  6507 | D:9      | Noticed Harold
  6517 | D:9      | Slimified Harold
  6517 | D:9      | Noticed Harold
  6517 | D:9      | Harold changed into Harold the slime creature
  6715 | D:9      | Found a staircase to the Lair.
  6759 | D:9      | Found a white marble altar of Elyvilon.
  6961 | D:10     | Entered Level 10 of the Dungeon
  6990 | D:10     | Gained mutation: Your rubbery body absorbs attacks. (AC +1,
                  | EV +1) [Jiyva's grace]
  7009 | D:10     | Reached skill level 13 in Unarmed Combat
  7050 | D:10     | Found a large runed translucent door.
  7050 | D:10     | Found a large runed translucent door.
  7053 | D:10     | Noticed an orc knight
  7054 | D:10     | Noticed a white ugly thing
  7062 | D:10     | Found a large runed translucent door.
  7062 | D:10     | Found a large runed translucent door.
  7221 | D:10     | Noticed a two-headed ogre
  7226 | D:10     | Killed a two-headed ogre
  7237 | D:10     | Reached XP level 11. HP: 113/113 MP: 10/10
  7359 | D:10     | Noticed a deep elf pyromancer
  7363 | D:10     | Killed a deep elf pyromancer
  7645 | D:10     | Noticed a deep elf pyromancer
  7650 | D:10     | Killed a deep elf pyromancer
  7651 | D:10     | Reached skill level 14 in Unarmed Combat
  7670 | D:10     | Lost mutation: You have a somewhat thin skeletal structure.
                  | (Dex +2, Stealth+) [Jiyva's grace]
  7728 | Lair:1   | Entered Level 1 of the Lair of Beasts
  8366 | Lair:2   | Learned a level 6 spell: Statue Form
  8474 | Lair:2   | Noticed a death yak
  8474 | Lair:2   | Noticed a death yak
  8475 | Lair:2   | Noticed a death yak
  8478 | Lair:2   | Noticed a death yak
  8479 | Lair:2   | Noticed a death yak
  8481 | Lair:2   | Noticed a death yak
  8484 | Lair:2   | Killed a death yak
  8488 | Lair:2   | Killed a death yak
  8489 | Lair:2   | Reached skill level 1 in Armour
  8489 | Lair:2   | Reached skill level 1 in Earth Magic
  8502 | Lair:2   | Killed a death yak
  8503 | Lair:2   | Reached skill level 1 in Transmutations
  8505 | Lair:2   | Slimified a death yak
  8505 | Lair:2   | Noticed an azure jelly
  8505 | Lair:2   | a death yak changed into an azure jelly
  8508 | Lair:2   | Killed an azure jelly
  8539 | Lair:2   | Killed a death yak
  8546 | Lair:2   | Killed a death yak
  9179 | Lair:3   | Reached XP level 12. HP: 48/124 MP: 11/11
  9252 | Lair:3   | Found a dark tunnel.
  9257 | Volcano  | Entered a volcano
  9343 | Volcano  | Reached skill level 15 in Unarmed Combat
  9971 | Lair:3   | Found a staircase to the Snake Pit.
 10648 | Lair:4   | Noticed a death yak
 10648 | Lair:4   | Noticed a death yak
 10648 | Lair:4   | Noticed a death yak
 10649 | Lair:4   | Noticed a death yak
 10649 | Lair:4   | Noticed a death yak
 10682 | Lair:4   | Killed a death yak
 10692 | Lair:4   | Killed a death yak
 10702 | Lair:4   | Noticed a death yak
 10707 | Lair:4   | Noticed a death yak
 10707 | Lair:4   | Noticed a death yak
 10707 | Lair:4   | Noticed a death yak
 10708 | Lair:4   | Noticed a death yak
 10708 | Lair:4   | Noticed a death yak
 10708 | Lair:4   | Noticed a death yak
 10736 | Lair:4   | Reached ****** piety under Jiyva
 10740 | Lair:4   | Killed a death yak
 10741 | Lair:4   | Reached skill level 10 in Fighting
 10746 | Lair:4   | Killed a death yak
 10752 | Lair:4   | Killed a death yak
 10765 | Lair:4   | Killed a death yak
 10771 | Lair:4   | Killed a death yak
 10772 | Lair:4   | Reached XP level 13. HP: 82/133 MP: 12/12
 10789 | Lair:4   | Gained mutation: You have a pair of small horns on your
                  | head. [Jiyva's grace]
 10811 | Lair:4   | Noticed an acid blob
 10811 | Lair:4   | an eight-headed hydra changed into an acid blob
 10845 | Lair:4   | Found a staircase to the Shoals.
 11065 | Lair:4   | Killed an acid blob
 11282 | Lair:4   | Reached skill level 5 in Dodging
 11467 | Lair:5   | Found a viscous altar of Jiyva.
 11467 | Lair:5   | Found a staircase to the Slime Pits.
 11617 | Lair:5   | Found a shimmering blue altar of Sif Muna.
 11707 | Lair:5   | Reached skill level 16 in Unarmed Combat
 11711 | Lair:5   | Reached skill level 5 in Earth Magic
 11773 | Lair:5   | Noticed Sonja
 11777 | Lair:5   | Slimified Sonja
 11777 | Lair:5   | Noticed Sonja
 11777 | Lair:5   | Sonja changed into Sonja the slime creature
 12146 | Lair:6   | Entered Level 6 of the Lair of Beasts
 12167 | Lair:6   | Lost mutation: Your rubbery body absorbs attacks. (AC +1,
                  | EV +1) [Jiyva's grace]
 12383 | Lair:6   | Reached skill level 5 in Armour
 12684 | Lair:6   | Noticed an azure jelly
 12684 | Lair:6   | a five-headed hydra changed into an azure jelly
 12773 | Lair:6   | Reached XP level 14. HP: 143/144 MP: 13/13
 12833 | Lair:6   | Reached skill level 5 in Transmutations
 12983 | Lair:6   | Slain by a cane toad

Illustrated notes

Levels and vault maps discovered:
D:1:      scummos_arrival_gate, layout_basic, serial_co_window_serial,
          co_window_corner_a, co_window_paths_b, co_window_corner_a,
          co_window_corner_a, co_window_corner_a, co_window_corner_b,
          co_window_corner_b, co_window_cross_4, co_window_broadway_b,
          co_window_corner_b, co_window_unsneaky_path_e, co_window_4corner_b,
          glass_columns_a, glass_columns_c, serial_bayou_pond_a
D:2:      layout_loops_ring, patterned_corridor
D:3:      layout_basic, nicolae_sif_muna_little_library, basic_ecumenical_altar
D:4:      cheibrodos_helix_gallery, layout_cave_pools, lemuel_doored_altar,
          kennysheep_vampire_church, minmay_temple_entry_junction,
          gammafunk_ghost_grave, minmay_misc_feat_nine_boxes,
          chequers_serial_rivers_micro_c, abandoned_shop
D:5:      layout_rooms, kennysheep_little_box, kennysheep_generic_room_15,
          uniq_edmund, uniq_grinder
D:6:      layout_basic, minmay_overflow_temple_star_quad,
          chequers_serial_rivers_micro_b, uniq_pikel, uniq_duvessa
D:7:      layout_basic, grunt_temple_overflow_diamond, serial_shops,
          nicolae_shop_competitors_out_of_business, uniq_menkaure
D:8:      layout_gridville, grunt_temple_overflow_order_and_chaos_2,
          ebering_ghost_xom, uniq_erica
D:9:      layout_rooms, mainiacjoe_overflow_boulevard, david_lair_shrubbed,
          uniq_harold
D:10:     layout_loops_cross, minmay_hollow_rounded_squares
Temple:   pf_slimified_temple
Lair:1:   layout_loops_ring, grunt_megastairs_5
Lair:2:   layout_chaotic_city, serial_bayou, serial_bayou_pond_e,
          serial_bayou_shore_a, serial_bayou_ford_a, serial_bayou_lake_a,
          amcnicky_mini_pool_medium
Lair:3:   layout_cave_pods, minmay_snake_entry_six_corridors, enter_volcano_4
Lair:4:   layout_long_grid, elwin_shoals_entry_rocks, grunt_megastairs_2,
          lemuel_fruit_tree, infiniplex_staircase_pool
Lair:5:   layout_regular_city, slime_altar_1, basic_altar,
          chequers_serial_rivers_micro_b, infiniplex_staircase_pool_2,
          uniq_sonja
Lair:6:   hangedman_lair_tendril_chambers, layout_hall_layers, wormcave,
          eino_house_with_fridge

Skill      XL: |  1  2  3  4  5  6  7  8  9 10 11 12 13 14 |
---------------+-------------------------------------------+-----
Unarmed Combat | 4 5 6 8 10 12 13 14 15 16 | 16.5
Fighting       | 3 4 5 6 7 8 9 10 | 10.6
Armour         | 2 4 5 |  5.3
Earth Magic    | 2 4 5 6 |  6.0
Transmutations | 1 3 4 5 |  5.0
Dodging        | 3 4 5 6 |  6.1
Stealth        | |  1.0

Action                   |  1- 3 |  4- 6 |  7- 9 | 10-12 | 13-15 || total
-------------------------+-------+-------+-------+-------+-------++-------
Melee: Unarmed           |   108 |   119 |   117 |   448 |   339 ||  1131
       Punch             |       |     1 |    10 |    47 |    35 ||    93
       Headbutt          |       |       |    26 |     5 |    98 ||   129
Invok: Slimify           |       |       |       |     2 |     5 ||     7
       Request Jelly     |       |       |       |     1 |       ||     1
  Use: Scroll            |       |       |       |    20 |     4 ||    24
       Potion            |       |       |       |       |     1 ||     1
 Stab: Sleeping          |     4 |     2 |     4 |     8 |     1 ||    19
       Distracted        |       |       |       |       |     1 ||     1
Armor: Robe              |    17 |    51 |    17 |     1 |       ||    86
       Steam dragon scal |       |       |       |    36 |       ||    36
       Troll leather arm |       |       |       |    53 |    64 ||   117
Dodge: Dodged            |    47 |    85 |    37 |   162 |   143 ||   474
Block: Other             |       |    18 |    25 |    72 |    49 ||   164
       Reflection        |       |       |       |     1 |       ||     1
